Map: Frost LE

Players

lllIlIllIlll (DnS) - Winner!

  • Race: Terran Terran
  • League: Master

LiquidTLO (TLO)

  • Race: Zerg Zerg
  • League: Grandmaster

VOD

Have the link to the VOD?

Description

Time

  • Played on: July 6, 2016, 1:02 p.m.
  • Length: 11:35
Show
View Real Time Build Order
Export as new Build Order

lllIlIllIlll Terran - Winner!

Build Orders: Reaper Expand, Hellion Banshee 

Get SALT Encoding   

  12  0:01  SCV  
  13  0:14  SCV  
  14  0:18  Supply Depot  
  14  0:26  SCV  
  15  0:39  SCV  
  15  0:40  Barracks  
  16  0:44  Refinery  
  16  0:51  SCV  
  17  1:03  SCV  
  18  1:15  SCV  
  19  1:28  Orbital Command  
  19  1:29  Reaper  
  20  1:44  Command Center  
  20  1:51  Refinery  
  20  1:53  SCV  
  21  2:01  Barracks Reactor  
  21  2:05  SCV  
  22  2:11  Supply Depot  
  22  2:18  SCV  
  23  2:22  Factory  
  23  2:32  SCV  
  24  2:37  Marine x2  
  26  2:44  SCV  
  27  2:55  Marine x2  
  27  2:56  SCV  
  27  2:57  Orbital Command  
  30  3:07  Starport  
  30  3:08  SCV  
  31  3:18  Hellion x2  
  35  3:21  SCV  
  35  3:23  SCV  
  35  3:25  Supply Depot  
  37  3:28  Marine  
  38  3:35  SCV x2  
  38  3:39  Hellion x2  
  44  3:44  Medivac  
  45  3:57  SCV  
  45  4:00  Armory  
  45  4:01  Hellion x2  
  45  4:02  Supply Depot, Barracks Tech Lab  
  50  4:04  SCV  
  50  4:09  SCV  
  52  4:16  SCV  
  53  4:22  Engineering Bay  
  53  4:23  Engineering Bay  
  57  4:24  Hellion x2  
  57  4:28  Cloaking Field  
  57  4:32  Banshee  
  57  4:38  Supply Depot  
  60  4:40  SCV  
  61  4:47  Hellion  
  62  4:56  Terran Infantry Weapons Level 1, Barracks Tech Lab  
  62  4:59  Hellion, Terran Infantry Armor Level 1, SCV  
  66  5:00  SCV  
  66  5:03  Supply Depot  
  66  5:11  SCV  
  63  5:20  SCV  
  63  5:22  Banshee  
  63  5:23  Hellion x2  
  63  5:26  SCV  
  63  5:27  Marine  
  72  5:32  SCV  
  71  5:39  SCV  
  70  5:44  SCV  
  69  5:50  Command Center  
  69  5:51  SCV  
  69  5:56  SCV, Factory Reactor  
  69  5:59  Marine  
  69  6:01  Barracks  
  69  6:02  Barracks  
  69  6:03  SCV  
  71  6:08  SCV  
  72  6:14  Starport Reactor, Barracks  
  72  6:16  Barracks  
  72  6:18  Bunker, Marine  
  72  6:19  Bunker  
  72  6:22  Refinery  
  72  6:24  Refinery  
  73  6:26  Siege Tank  
  73  6:30  SCV  
  73  6:32  Bunker  
  77  6:37  Marine  
  77  6:50  Marine  
  71  6:55  Marine  
  68  7:07  SCV  
  70  7:09  Marine  
  70  7:13  Marine  
  68  7:25  Marine  
  68  7:28  Marine  
  66  7:31  Marine  
  66  7:33  Widow Mine  
  66  7:35  Marine  
  67  7:43  Marine  
  67  7:44  Terran Infantry Armor Level 2, Starport, Terran Infantry Weapons Level 2  
  67  7:46  Marine  
  67  7:49  Marine  
  69  7:53  Marine, Barracks  
  69  7:54  Barracks  
  70  8:03  Supply Depot  
  70  8:08  Supply Depot  
  70  8:09  Barracks x2  
  70  8:10  Barracks  
  70  8:11  Supply Depot  
  70  8:14  Supply Depot  
  70  8:24  Marine  
  70  8:25  Marine  
  71  8:31  SCV  
  65  8:41  SCV  
  56  8:42  Marine  
  56  8:43  SCV  
  50  8:49  Marine  
  50  8:51  Marine  
  50  8:53  SCV  
  50  8:55  Marine, SCV  
  53  8:57  Marine  
  53  8:58  Marine  
  53  8:59  Marine  
  53  9:01  Marine  
  58  9:04  Barracks Tech Lab  
  58  9:05  SCV  
  58  9:07  Marine  
  58  9:09  Marine  
  59  9:12  Marine  
  59  9:15  Marine x2  
  59  9:17  Marine  
  55  9:19  Marine  
  49  9:24  Marine  
  49  9:25  Marine  
  49  9:27  Marine  
  49  9:30  Marine  
  53  9:33  Marine x2  
  53  9:34  Marine  
  53  9:37  Marine  
  57  9:42  Widow Mine  
  57  9:43  Marine  
  57  9:45  Marine  
  59  9:48  Marine  
  59  9:50  Marine  
  59  9:51  Marine  
  59  9:52  Marine, Medivac  
  60  9:55  Marine  
  61  10:00  Marine  
  61  10:03  Marine  
  61  10:06  Marine  
  64  10:08  Marine, SCV x2  
  64  10:09  Marine  
  64  10:10  Marine  
  64  10:13  Marine  
  70  10:18  Marine  
  70  10:20  Marine, SCV x2  
  73  10:22  Medivac  
  73  10:24  Marine  
  73  10:26  Marine  
  73  10:30  Barracks Tech Lab  
  73  10:32  SCV x2  
  62  10:44  SCV x2  
  62  10:46  Marine x2  
  66  10:52  Marine, Medivac  
  66  10:53  Marauder  
  66  10:56  Barracks Tech Lab, SCV x2  
  73  11:03  Marine  
  73  11:06  Marine x2  
  73  11:08  SCV x2  
  73  11:09  Marine  
  78  11:17  Marine  
  81  11:20  SCV  
  81  11:21  SCV  
Show
View Real Time Build Order
Export as new Build Order

LiquidTLO Zerg 

Build Orders: Hatch First, Roach Nydus 

Get SALT Encoding   

  12  0:01  Drone  
  13  0:13  Overlord  
  13  0:18  Drone  
  14  0:31  Drone  
  14  0:32  Drone  
  16  0:37  Drone  
  17  0:52  Hatchery  
  17  0:56  Drone  
  17  0:59  Drone  
  18  1:05  Extractor  
  17  1:15  Spawning Pool  
  17  1:18  Drone  
  17  1:21  Drone  
  18  1:28  Drone  
  19  1:40  Overlord  
  19  2:02  Queen  
  19  2:03  Zergling x4  
  19  2:04  Metabolic Boost  
  19  2:07  Queen  
  25  2:12  Drone  
  26  2:17  Drone x2  
  28  2:27  Drone  
  29  2:31  Drone  
  30  2:37  Queen  
  30  2:42  Overlord  
  31  2:45  Extractor, Drone x2  
  33  2:59  Hatchery  
  33  3:02  Overlord  
  33  3:04  Zergling x2  
  33  3:07  Zergling x2  
  33  3:09  Zergling x2  
  35  3:14  Overlord  
  35  3:22  Drone  
  35  3:23  Zergling x6  
  35  3:24  Drone  
  35  3:27  Drone  
  41  3:30  Drone  
  41  3:31  Drone  
  43  3:34  Drone  
  43  3:35  Drone  
  45  3:46  Drone  
  45  3:47  Drone  
  45  3:48  Overlord  
  47  3:49  Drone  
  47  3:53  Drone x2  
  47  3:54  Drone  
  47  3:55  Drone  
  50  4:02  Drone  
  50  4:03  Extractor x2  
  50  4:04  Drone  
  50  4:08  Roach Warren  
  48  4:12  Queen  
  48  4:15  Drone  
  48  4:16  Drone  
  52  4:20  Drone, Evolution Chamber  
  52  4:26  Lair  
  52  4:27  Drone  
  52  4:30  Drone  
  54  4:36  Overlord  
  54  4:37  Evolution Chamber  
  52  4:49  Roach  
  52  4:50  Extractor, Roach x2  
  52  4:51  Roach  
  58  4:54  Overlord  
  58  4:56  Roach x2  
  61  5:01  Roach  
  61  5:03  Roach  
  61  5:06  Overlord  
  63  5:15  Roach  
  63  5:16  Zergling x4, Roach  
  63  5:20  Overlord  
  67  5:25  Nydus Network  
  67  5:28  Roach  
  68  5:29  Zergling x2  
  68  5:31  Zergling x2  
  68  5:33  Zergling x2  
  71  5:36  Glial Reconstitution  
  71  5:39  Zergling x2  
  71  5:40  Zergling x2  
  71  5:45  Queen  
  69  5:53  Roach  
  69  5:54  Overseer  
  69  5:55  Roach  
  71  5:59  Spore Crawler  
  71  6:02  Queen  
  72  6:08  Spore Crawler  
  72  6:11  Nydus Canal, Spore Crawler  
  70  6:13  Overseer  
  70  6:18  Evolution Chamber  
  69  6:19  Roach  
  69  6:23  Roach  
  73  6:26  Roach  
  74  6:41  Queen  
  73  6:47  Zergling x2, Roach  
  73  6:50  Roach x2  
  73  6:52  Roach  
  73  6:53  Roach  
  76  6:55  Roach  
  76  7:00  Roach  
  72  7:04  Roach  
  68  7:12  Roach  
  68  7:13  Roach  
  68  7:15  Nydus Canal  
  66  7:21  Roach  
  66  7:22  Roach  
  67  7:32  Queen  
  65  7:38  Ravager x2  
  65  7:42  Overlord  
  67  7:50  Overlord  
  67  8:00  Queen  
  67  8:03  Overlord  
  69  8:08  Queen  
  69  8:11  Ravager  
  69  8:12  Ravager x6, Spore Crawler  
  77  8:14  Roach  
  79  8:20  Roach  
  79  8:21  Roach  
  79  8:26  Roach  
  78  8:37  Roach  
  78  8:38  Roach  
  78  8:40  Roach  
  77  8:45  Roach  
  77  8:46  Roach  
  77  8:48  Roach  
  65  8:50  Roach  
  65  8:53  Roach  
  69  8:56  Roach  
  69  9:00  Roach  
  73  9:09  Roach x2  
  75  9:15  Queen  
  71  9:23  Queen  
  67  9:27  Ravager x2  
  67  9:30  Roach  
  71  9:35  Ravager  
  72  9:49  Ravager  
  72  9:50  Queen  
  72  9:51  Roach  
  77  9:58  Queen  
  77  9:59  Roach x2  
  83  10:11  Spine Crawler  
  83  10:12  Roach  
  84  10:18  Roach  
  84  10:21  Roach  
  84  10:22  Roach  
  84  10:27  Roach  
  78  10:29  Roach  
  78  10:32  Roach  
  82  10:37  Roach  
  65  10:43  Roach  
  65  10:46  Nydus Canal  
  67  10:50  Roach  
  67  11:00  Roach, Nydus Canal  
  67  11:05  Roach  
  67  11:11  Roach x2  
Tags
 
Add a new tag
Caveats
  • Supply blocks, unpowered buildings, or Contaminate may cause inaccurate times.
  • Supply counts are checked every 10 seconds.